 Dungeon Crawl Stone Soup version 0.16.0 (webtiles) character file.

13381 Fiveotanaka the Bludgeoner (level 12, 0/160 HPs)
             Began as an Ogre Berserker on Mar 20, 2015.
             Was a High Priest of Trog.
             Slain by a polar bear (4 damage)
             ... in an ice cave.
             The game lasted 00:29:22 (12650 turns).

Fiveotanaka the Bludgeoner (Ogre Berserker)        Turns: 12650, Time: 00:29:23

Health: 0/160      AC:  6    Str: 33    XL:     12   Next: 5%
Magic:  12/12      EV: 14    Int:  6    God:    Trog [*****.]
Gold:   601        SH:  0    Dex: 13    Spells: 0 memorised, 11 levels left

rFire  . . .     SeeInvis .     y - +0 morningstar
rCold  + . .     Clarity  .     V - +1 robe {rC+}
rNeg   . . .     SustAb   .     (shield restricted)
rPois  .         Gourm    .     (helmet restricted)
rElec  .         Spirit   .     O - +1 cloak
rCorr  .         Warding  .     (gloves unavailable)
rMut   +         Stasis   .     (boots unavailable)
MR     ++...                    I - amulet of resist mutation
Stlth  ..........               Q - +3 ring of strength (curse)
                                n - ring of protection from magic

@: berserking, very quick, very resistant to hostile enchantments, extremely
unstealthy
A: unfitting armour, tough skin 1
a: Burn Spellbooks, Berserk, Trog's Hand, Brothers in Arms, Renounce Religion


You were in an ice cave.
You worshipped Trog.
Trog was extremely pleased with you.
You were hungry.

You visited 1 branch of the dungeon, and saw 11 of its levels.
You also visited: Ice Cave.

You collected 601 gold pieces.

Inventory:

Hand weapons
 y - a +0 morningstar (weapon)
 Y - a +2 antimagic lajatang
Missiles
 b - 27 poisoned needles
 g - 359 stones (quivered)
 E - a throwing net
Armour
 O - a +1 cloak (worn)
 V - a +1 robe of cold resistance (worn)
Jewellery
 n - a ring of protection from magic (left hand)
 z - an uncursed ring of protection from fire
 B - a cursed ring of protection from magic
 I - an amulet of resist mutation (around neck)
 Q - a cursed +3 ring of strength (right hand)
Magical devices
 m - a wand of digging (19)
 u - a wand of slowing (32)
 w - a wand of draining (1)
 A - a wand of frost (21)
 H - a wand of cold (0)
 M - a wand of disintegration (13)
 X - a wand of confusion (12)
Scrolls
 a - 2 scrolls of blinking
 i - 4 scrolls of enchant weapon
 p - 2 scrolls of remove curse
 q - 3 scrolls of teleportation
 r - a scroll of fear {unknown}
 t - a scroll of fog {unknown}
 x - a scroll of holy word {unknown}
 C - 2 scrolls of immolation {unknown}
 D - a scroll of noise {unknown}
 F - a scroll of magic mapping
 L - a scroll of identify
 N - a scroll of recharging {unknown}
 U - a scroll of silence {unknown}
Potions
 d - 4 potions of magic
 e - a potion of degeneration {unknown}
 j - 3 potions of might
 k - 5 potions of heal wounds
 l - a potion of agility {unknown}
 o - a potion of cure mutation {unknown}
 s - 5 potions of curing
 v - 3 potions of brilliance {unknown}
 G - a potion of poison {unknown}
 K - 2 potions of lignification {unknown}
 T - a potion of berserk rage {unknown}
 Z - 2 potions of mutation {unknown}
Comestibles
 c - 5 meat rations
 f - 7 bread rations
 h - 2 beef jerkies
 R - 3 fruits
 S - 3 royal jellies


   Skills:
 - Level 4.0 Fighting
 + Level 18.3 Maces & Flails
 + Level 7.1 Armour
 + Level 8.0 Dodging


You had 11 spell levels left.
You didn't know any spells.

Dungeon Overview and Level Annotations

Branches:
Dungeon (11/15)            Temple (0/1) D:6            Lair (0/8) D:11
    Orc (0/4) D:11

Altars:
Dithmenos
Elyvilon
Gozag
Kikubaaqudgha
Makhleb
Okawaru
Vehumet
Yredelemnul

Shops:
D:9 (


Innate Abilities, Weirdness & Mutations

You are too large for most types of armour.
You have tough skin (AC +1).


Message History

* * * LOW HITPOINT WARNING * * *
The polar bear claws you.
* * * LOW HITPOINT WARNING * * *
The polar bear closely misses you. x2
The polar bear misses you. x2
You bludgeon the polar bear!!!
You kill the polar bear!
Trog accepts your kill.
Your Dodging skill increases to level 8!
You impale the polar bear!!!
You kill the polar bear!
Trog accepts your kill.
You closely miss the polar bear.
The polar bear is heavily wounded.
You barely miss the polar bear.
The polar bear is heavily wounded.
The polar bear bites you!
* * * LOW HITPOINT WARNING * * *
The polar bear claws you.
You die...

####
##..#
#.∩.#
##..##
#.∩.#
#...#
##...#
#.@.##
##h..#
#..##
##.##
##..#
##§.##
##§†##
#.§.§#
##..#.#


You could see a polar bear.

Vanquished Creatures
  Fannar (D:10)
  A hydra (D:10)
  Pikel (D:6)
  A deep elf conjurer (D:8)
  A hill giant (D:10)
  A komodo dragon (D:8)
  2 polar bears (IceCv)
  A troll (D:10)
  6 yaks (D:10)
  A deep elf mage (D:11)
  3 wraiths (D:10)
  3 wyverns
  5 wolves
  2 hippogriffs (D:8)
  A hungry ghost (D:10)
  2 wargs (D:11)
  A soldier ant (D:8)
  A sky beast (D:8)
  14 ice beasts
  4 slaves (D:6)
  6 orc warriors
  2 phantoms
  5 centaurs
  2 necrophages
  A crocodile (D:8)
  3 ogres
  A big kobold (D:10)
  Blork the orc (D:5)
  6 giant frogs
  2 scorpions
  A water moccasin skeleton (D:7)
  3 killer bees (D:11)
  2 spriggan skeletons (D:9)
  A troll skeleton (D:9)
  15 wights
  2 goliath beetles
  3 crimson imps
  8 orc priests
  5 human zombies (D:10)
  A giant frog zombie (D:10)
  6 hounds
  4 iguanas
  11 orc wizards
  2 worker ants
  2 centaur skeletons (D:9)
  5 jellies
  A gnoll shaman (D:7)
  A human skeleton (D:10)
  Ijyb (D:6)
  An ogre skeleton (D:10)
  2 hound skeletons
  2 mummies
  A worker ant zombie (D:5)
  9 gnolls
  3 adders
  3 giant mites
  A white imp (D:11)
  4 shadow imps
  4 worms
  3 adder zombies
  3 adder skeletons
  10 giant geckos
  48 orcs
  19 bats
  3 bat skeletons
  3 bat zombies
  7 giant cockroaches
  20 hobgoblins
  8 jackals
  6 quokkas
  8 giant newts
  A giant spore (D:6)
  10 goblins
  A jackal zombie (D:7)
  22 kobolds
  A quokka skeleton (D:8)
  14 rats
  11 ballistomycetes
383 creatures vanquished.

Vanquished Creatures (collateral kills)
  A hill giant (D:10)
1 creature vanquished.

Vanquished Creatures (others)
  The ghost of busb the Summoner, a powerful OpSu of Ru (IceCv)
  A wolf (IceCv)
  A jackal (D:8)
  2 giant spores
5 creatures vanquished.

Grand Total: 389 creatures vanquished

Notes
Turn   | Place    | Note
--------------------------------------------------------------
     0 | D:1      | Fiveotanaka, the Ogre Berserker, began the quest for the Orb.
     0 | D:1      | Reached XP level 1. HP: 24/24 MP: 1/1
   153 | D:1      | Reached XP level 2. HP: 14/32 MP: 2/2
   499 | D:1      | Reached skill level 5 in Maces & Flails
   584 | D:1      | Acquired Trog's second power
   831 | D:2      | Reached XP level 3. HP: 14/39 MP: 3/3
  1087 | D:2      | Reached skill level 6 in Maces & Flails
  1332 | D:2      | Found a radiant altar of Vehumet.
  1384 | D:2      | Reached XP level 4. HP: 48/48 MP: 4/4
  1603 | D:2      | Reached skill level 7 in Maces & Flails
  1603 | D:2      | Reached XP level 5. HP: 48/54 MP: 5/5
  1848 | D:3      | Found an opulent altar of Gozag.
  2365 | D:3      | Reached skill level 8 in Maces & Flails
  2604 | D:4      | Reached XP level 6. HP: 62/62 MP: 6/6
  2680 | D:4      | Noticed an ogre
  2685 | D:4      | Killed an ogre
  2685 | D:4      | Reached skill level 9 in Maces & Flails
  2813 | D:4      | Acquired Trog's third power
  2991 | D:4      | Found a burning altar of Makhleb.
  2991 | D:4      | Noticed a blizzard demon
  2994 | D:4      | Noticed a ynoxinul
  2994 | D:4      | Noticed an orange demon
  3455 | D:5      | Entered Level 5 of the Dungeon
  3504 | D:5      | Found an ancient bone altar of Kikubaaqudgha.
  3561 | D:5      | Reached skill level 10 in Maces & Flails
  3561 | D:5      | Reached XP level 7. HP: 70/70 MP: 7/7
  3724 | D:5      | Found an iron altar of Okawaru.
  3747 | D:5      | Reached skill level 11 in Maces & Flails
  3972 | D:5      | Found a white marble altar of Elyvilon.
  4219 | D:5      | Reached XP level 8. HP: 66/78 MP: 8/8
  4492 | D:5      | Reached skill level 12 in Maces & Flails
  4510 | D:6      | Noticed Blork the orc
  4510 | D:6      | Noticed Pikel
  4515 | D:5      | Killed Blork the orc
  4595 | D:6      | Found a staircase to the Ecumenical Temple.
  4662 | D:6      | Noticed Ijyb
  4669 | D:6      | Killed Ijyb
  4865 | D:6      | Reached skill level 13 in Maces & Flails
  4875 | D:6      | Received a gift from Trog
  5211 | D:6      | Killed Pikel
  5211 | D:6      | Reached skill level 14 in Maces & Flails
  5211 | D:6      | Reached XP level 9. HP: 74/84 MP: 9/9
  5342 | D:6      | Reached skill level 15 in Maces & Flails
  6800 | D:7      | Reached skill level 16 in Maces & Flails
  7344 | D:8      | Noticed a komodo dragon
  7349 | D:8      | Killed a komodo dragon
  7349 | D:8      | Reached XP level 10. HP: 92/92 MP: 10/10
  7782 | D:8      | Received a gift from Trog
  8281 | D:8      | Found a shadowy altar of Dithmenos.
  8459 | D:8      | Noticed a deep elf conjurer
  8476 | D:8      | Killed a deep elf conjurer
  8800 | D:8      | Reached skill level 5 in Dodging
  9248 | D:9      | Reached skill level 17 in Maces & Flails
  9523 | D:9      | Found Jeopemm's Antique Weapon Shoppe.
  9707 | D:9      | Found a runed door.
  9917 | D:10     | Entered Level 10 of the Dungeon
  9950 | D:10     | Reached skill level 5 in Armour
  9950 | D:10     | Reached XP level 11. HP: 88/100 MP: 11/11
  9964 | D:10     | Noticed a hill giant
  9972 | D:10     | Killed a hill giant
 10231 | D:10     | Found a basalt altar of Yredelemnul.
 10346 | D:10     | Noticed Fannar
 10347 | D:10     | Noticed a seven-headed hydra
 10362 | D:10     | Killed a seven-headed hydra
 10373 | D:10     | Killed Fannar
 10689 | D:10     | Noticed a hill giant
 10698 | D:10     | Killed a hill giant
 11195 | D:10     | Received a gift from Trog
 11975 | D:11     | Reached skill level 18 in Maces & Flails
 11991 | D:11     | Found a staircase to the Orcish Mines.
 12069 | D:11     | Found a staircase to the Lair.
 12199 | D:11     | Found a frozen archway.
 12418 | IceCv    | Entered an ice cave
 12421 | IceCv    | Reached XP level 12. HP: 103/107 MP: 12/12
 12593 | IceCv    | Killed busb's ghost
 12650 | IceCv    | HP: 4/160 [polar bear (10)]
 12650 | IceCv    | Slain by a polar bear

Action                   |  1- 3 |  4- 6 |  7- 9 | 10-12 || total
-------------------------+-------+-------+-------+-------++-------
Melee: Mace              |    89 |   167 |   327 |   378 ||   961
       Morningstar       |       |       |       |   151 ||   151
Invok: Berserk           |     1 |       |     2 |    11 ||    14
       Brothers in Arms  |       |       |       |     1 ||     1
  Use: Scroll            |       |     2 |     1 |     9 ||    12
       Potion            |       |       |       |     1 ||     1
  Eat: Chunk             |     3 |     6 |    14 |    21 ||    44
       Fruit             |       |       |       |     2 ||     2
       Pizza             |       |       |       |     1 ||     1
       Royal jelly       |       |       |       |     1 ||     1
       Beef jerky        |       |       |       |     1 ||     1
